 Dungeon Crawl Stone Soup version 0.24.0-123-gd5b16e6ec5 (webtiles) character file.

Game seed: 2808320008198075000, levelgen mode: deterministic

28 Chiseanne the Magician (level 3, 24/24 HPs)
             Began as a Demonspawn Wizard on Jan 20, 2020.
             Quit the game on level 2 of the Dungeon.
             The game lasted 00:01:48 (1208 turns).

Chiseanne the Magician (Demonspawn Wizard)          Turns: 1208, Time: 00:01:49

Health: 24/24      AC:  3    Str:  7    XL:     3   Next: 0%
Magic:  7/7        EV: 14    Int: 20    God:
Gold:   68         SH:  0    Dex: 11    Spells: 7/8 levels left

rFire    . . .     SeeInvis .   k - +0 short sword
rCold    . . .     Gourm    .   (no shield)
rNeg     . . .     Faith    .   a - +0 robe
rPois    .         Spirit   .   b - +0 hat
rElec    .         Reflect  .   (no cloak)
rCorr    .         Harm     .   f - +0 pair of gloves
MR       .....                  (no boots)
Stlth    ++........             (no amulet)
HPRegen  0.08/turn              (no ring)
MPRegen  0.10/turn              (no ring)

@: no status effects
A: horns 1, repulsion field 1
a: no special abilities


You were on level 2 of the Dungeon.
You were not hungry.

You visited 1 branch of the dungeon, and saw 2 of its levels.

You collected 68 gold pieces.

Inventory:

Hand Weapons
 e - a +0 hunting sling
 k - a +0 short sword (weapon)
Missiles
 c - 33 sling bullets
 g - 11 arrows
 h - 14 stones (quivered)
Armour
 a - a +0 robe (worn)
 b - a +0 hat (worn)
 f - a +0 pair of gloves (worn)
Scrolls
 i - a scroll of amnesia {unknown}
 j - a scroll of immolation {unknown}
 m - a scroll of fog {unknown}
 p - a scroll of remove curse {unknown}
Potions
 l - a potion of lignification {unknown}
 n - a potion of berserk rage {unknown}
Comestibles
 d - a ration
 o - 2 chunks of flesh


   Skills:
 * Level 2.1 Dodging
 - Level 1.7 Stealth
 * Level 3.4 Spellcasting
 * Level 2.0 Conjurations
   Level 1.0 Summonings
   Level 0.8 Translocations


You had 7 spell levels left.
You knew the following spells:

 Your Spells              Type           Power        Failure   Level  Hunger
a - Magic Dart            Conj           ##..         6%          1    None

Your spell library contained the following spells:

 Spells                   Type           Power        Failure   Level  Hunger
 Blink                    Tloc           N/A          14%         2    ##.....
 Call Imp                 Summ           #.......     14%         2    ##.....
 Slow                     Hex            #.......     21%         2    ##.....
 Conjure Flame            Conj/Fire      #.......     26%         3    ###....
 Mephitic Cloud           Conj/Pois/Air  #.......     30%         3    ###....


Dungeon Overview and Level Annotations

Branches:
Dungeon (2/15)

Altars:


Innate Abilities, Weirdness & Mutations

You have a pair of small horns on your head.
You are surrounded by a mild repulsion field. (EV +2)


Message History

Aim: a rat The magic dart hits the rat.
You kill the rat!
You have reached level 3!
Your experience leads to an increase in your attributes!
Increase (S)trength, (I)ntelligence, or (D)exterity?
You feel clever.
Your demonic ancestry asserts itself...
A pair of horns grows on your head!
You see here an adder corpse.
You butcher the adder corpse.
o - 2 chunks of flesh You see here an adder skeleton.
You see here a rat corpse.
You butcher the rat corpse.
o - 3 chunks of flesh (gained 1)
You see here a rat skeleton.
Eating one of 3 chunks of flesh.
You eat one of the 3 chunks of flesh.
This raw flesh tastes terrible.
p - a scroll labeled QOD IKKETT Are you sure you want to abandon this character and quit the game? (Confirm with "yes".)

## #.##.
#.#..#######
....#......####
###....@...#...
...............
#####.......##.
#......##
#......#
#......#
#...÷..#
#..÷<..#
########


There were no monsters in sight!

Vanquished Creatures
  An adder (D:2)
  A leopard gecko (D:1)
  2 giant cockroaches (D:1)
  2 hobgoblins (D:1)
  5 kobolds (D:1)
  3 bats (D:1)
  A frilled lizard (D:1)
  3 rats
18 creatures vanquished.

Notes
Turn   | Place    | Note
-------+----------+-------------------------------------------
     0 | D:1      | Chiseanne the Demonspawn Wizard began the quest for the
                  | Orb.
     0 | D:1      | Reached XP level 1. HP: 13/13 MP: 4/4
   530 | D:1      | Gained mutation: You are surrounded by a mild repulsion
                  | field. (EV +2) [demonic ancestry]
   530 | D:1      | Reached XP level 2. HP: 13/19 MP: 0/6
  1154 | D:2      | Gained mutation: You have a pair of small horns on your
                  | head. [demonic ancestry]
  1154 | D:2      | Reached XP level 3. HP: 24/24 MP: 2/7
  1208 | D:2      | Quit the game

Levels and vault maps discovered:
D:1:      tarquinn_simple_flora_water_f, layout_loops_ring
D:2:      layout_rooms, cheibriados_altar_1

Skill      XL: |  1  2 |
---------------+-------+-----
Dodging        | 2 |  2.1
Conjurations   | 2 |  2.0
Stealth        | |  1.7
Spellcasting   | |  3.4
Summonings     | |  1.0
Translocations | |  0.8

Action                   || total
-------------------------++-------
Melee: Whip              ||    14
       Unarmed           ||     1
 Cast: Magic Dart        ||    46
  Eat: Chunk             ||     1
Armor: Robe              ||     4
Dodge: Dodged            ||    17
